 Dungeon Crawl Stone Soup version 0.28-a0-732-g75e6d9beac (webtiles) character file.

Game seed: 5242613714616334978

370 Crumbo the Magician (level 6, -1/32 HPs)
             Began as a Deep Elf Fire Elementalist on Oct 29, 2021.
             Slain by a lemure (8 damage)
             ... led by Pikel
             ... on level 4 of the Dungeon.
             The game lasted 00:11:17 (3206 turns).

Crumbo the Magician (Deep Elf Fire Elementalist)    Turns: 3206, Time: 00:11:17

Health: -1/32      AC:  2    Str:  5    XL:     6   Next: 42%
Magic:  10/16      EV: 13    Int: 22    God:
Gold:   161        SH:  0    Dex: 15    Spells: 13/16 levels left

rFire   + . .      SeeInvis .   (no weapon)
rCold   . . .      Faith    .   (no shield)
rNeg    . . .      Spirit   .   a - +0 robe
rPois   .          Reflect  .   (no helmet)
rElec   .          Harm     .   (no cloak)
rCorr   .          Rampage  .   (no gloves)
Will    .....                   (no boots)
Stlth   +.........              (no amulet)
HPRegen 0.10/turn               e - ring of protection from fire
MPRegen 0.15/turn               (no ring)

@: confused, brilliant, ambrosia-drunk
A: no striking features
a: no special abilities


You were on level 4 of the Dungeon.
You visited 1 branch of the dungeon, and saw 4 of its levels.

You collected 161 gold pieces.

Inventory:

Armour
 a - a +0 robe (worn)
Jewellery
 e - a ring of protection from fire (left hand)
 j - a ring of protection from cold
Scrolls
 d - 2 scrolls of identify {unknown}
 f - a scroll of enchant armour {unknown}
 h - a scroll of immolation {unknown}
 k - a scroll of teleportation {unknown}
 m - a scroll of magic mapping {unknown}
Potions
 g - a potion of flight
 l - a potion of berserk rage


   Skills:
 + Level 3.3 Dodging
 + Level 3.3 Stealth
 + Level 5.5 Spellcasting
 * Level 3.2 Conjurations
 + Level 5.3 Fire Magic


You had 13 spell levels left.
You knew the following spells:

 Your Spells              Type           Power      Damage    Failure   Level
a - Foxfire               Conj/Fire      100%       2x1d9     1%          1
b - Scorch                Fire           88%        2d9       1%          2

Your spell library contained the following spells:

 Spells                   Type           Power      Damage    Failure   Level
 Conjure Flame            Conj/Fire      37%        6-21      4%          3
 Inner Flame              Hex/Fire       26%        N/A       10%         3
 Flame Wave               Conj/Fire      37%        3d8       16%         4


Dungeon Overview and Level Annotations

Branches:
Dungeon (4/15)
 Temple: D:4-7

Altars:

Annotations:
D:3 2 transporters, Zigma's ghost, amateur OpNe
D:4 Pikel


Message History

Casting: Scorch (safe; 1% risk of failure)
Confirm with . or Enter, or press ? or * to list all spells.
Flames lash the lemure.
The lemure is burned terribly!
You kill the lemure!
That felt strangely unrewarding.
The lemure hits you.
Casting: Scorch (safe; 1% risk of failure)
Confirm with . or Enter, or press ? or * to list all spells.
Flames lash the lemure.
The lemure is moderately wounded.
The lemure's fire resistance burns away.
Casting: Scorch (safe; 1% risk of failure)
Confirm with . or Enter, or press ? or * to list all spells.
Flames lash the lemure.
The lemure is burned terribly!
The lemure is severely wounded.
The lemure hits you! The lemure hits you.
* * * LOW HITPOINT WARNING * * *
Pikel the Slaver comes into view.
He is wielding a +2 whip of freezing.
Casting: Scorch (safe; 1% risk of failure)
Confirm with . or Enter, or press ? or * to list all spells.
Flames lash the lemure.
The lemure is lightly wounded.
The lemure's fire resistance burns away.
The lemure is no longer more vulnerable to fire.
The lemure barely misses you. The lemure hits you.
* * * LOW HITPOINT WARNING * * *
It was a potion of curing.
You feel better. The lemure barely misses you. The lemure hits you.
* * * LOW HITPOINT WARNING * * *
It was a potion of ambrosia.
You are confused.
You feel invigorated.
The lemure is no longer more vulnerable to fire.
The lemure hits you.
* * * LOW HITPOINT WARNING * * *
The lemure barely misses you.
It was a potion of brilliance.
You feel clever all of a sudden.
The lemure is no longer more vulnerable to fire.
The lemure misses you. The lemure hits you!
You die...

.....#.
....... .#
.>..... ....
..... ..#
.... ...
#..###.#
#K5##.#
#5##.###
#@5.>..#
###....+
###<.#
######.#
#......####
+.###.....#
#.###.###
###
#.<.....#
..#
###.####....


You could see Pikel and 3 lemures.

Vanquished Creatures
  Sigmund (D:3)
  A necrophage (D:2)
  A lemure (D:4)
  2 orc wizards (D:3)
  A dart slug (D:1)
  10 orcs
  3 ball pythons (D:2)
  6 endoplasms
  2 giant cockroaches
  6 goblins
  5 hobgoblins
  4 jackals (D:1)
  2 kobolds
  2 quokkas
  9 bats
  A frilled lizard (D:2)
  5 rats
61 creatures vanquished.

Vanquished Creatures (others)
  99 foxfires
99 creatures vanquished.

Grand Total: 160 creatures vanquished

Notes
Turn   | Place    | Note
-------+----------+-------------------------------------------
     0 | D:1      | Crumbo the Deep Elf Fire Elementalist began the quest for
                  | the Orb.
     0 | D:1      | Reached XP level 1. HP: 10/10 MP: 6/6
   180 | D:1      | Reached XP level 2. HP: 15/15 MP: 4/8
   502 | D:1      | Learned a level 2 spell: Scorch
   612 | D:1      | Reached XP level 3. HP: 19/19 MP: 4/9
  1379 | D:2      | Noticed a necrophage
  1389 | D:2      | Killed a necrophage
  1390 | D:2      | Reached XP level 4. HP: 24/24 MP: 1/12
  1921 | D:2      | Reached XP level 5. HP: 28/28 MP: 8/13
  2621 | D:3      | Noticed Sigmund
  2634 | D:3      | Killed Sigmund
  2635 | D:3      | Reached skill level 5 in Spellcasting
  2635 | D:3      | Reached skill level 5 in Fire Magic
  2635 | D:3      | Reached XP level 6. HP: 29/32 MP: 8/16
  2722 | D:3      | Found a transporter.
  2722 | D:3      | Noticed Zigma's ghost (amateur OpNe)
  3056 | D:3      | Found a transporter.
  3202 | D:4      | Noticed Pikel
  3203 | D:4      | HP: 1/32 [lemure[Pikel] (6)]
  3206 | D:4      | Slain by a lemure

Illustrated notes

Levels and vault maps discovered:
D:1:      dpeg_arrival_water_fire, layout_loops_ring
D:2:      layout_loops_ring
D:3:      layout_loops_ring, gammafunk_ghost_stat_death, uniq_sigmund
D:4:      layout_rooms, minmay_overflow_temple_star_quad,
          nicolae_sif_muna_little_library, grunt_temple_overflow_holy_war,
          amethyst_killhole, saegor_snake_ambush, uniq_eustachio, uniq_pikel

Skill      XL: |  1  2  3  4  5 |
---------------+----------------+-----
Fire Magic     | 4 5 |  5.3
Dodging        | 3 |  3.3
Spellcasting   | 4 5 |  5.5
Conjurations   | 2 3 |  3.2
Stealth        | 3 |  3.3

Action                   |  1- 3 |  4- 6 || total
-------------------------+-------+-------++-------
Melee: Unarmed           |     5 |     8 ||    13
 Cast: Foxfire           |    37 |    20 ||    57
       Scorch            |    10 |    30 ||    40
  Use: Potion            |       |     5 ||     5
       Scroll            |       |     1 ||     1
Armor: Robe              |    20 |     2 ||    22
Dodge: Dodged            |    35 |    28 ||    63

Table legend: (Time is in decaauts)
 A = Elapsed time spent in this place.
 B = Non-inter-level travel time spent in this place.
 C = Inter-level travel time spent in this place.
 D = Time resting spent in this place.
 E = Time spent auto-exploring this place.
 F = Levels seen in this place.
 G = Mean time per level.
                   A        B        C        D        E       F      G
               +--------+--------+--------+--------+--------+-----+--------+
         Total |   3217 |   3217 |      0 |    205 |   2464 |   4 |  804.2 |
       Dungeon |   3217 |   3217 |      0 |    205 |   2464 |   4 |  804.2 |
               +--------+--------+--------+--------+--------+-----+--------+

Top non-repeatable levels by time:
     D:1: 1275 daAuts
     D:2: 1048 daAuts
     D:3: 834 daAuts
     D:4: 58 daAuts
